 Dungeon Crawl Stone Soup version 0.28.0-45-g0d030f2227 (webtiles) character file.

Game seed: 11824164084134916307

145 MisterFreud the Conjurer (level 5, -1/31 HPs)
             Began as an Octopode Conjurer on May 27, 2022.
             Was an Initiate of Yredelemnul.
             Slain by an orc wizard
             ... wielding a +0 dagger
              (3 damage)
             ... on level 4 of the Dungeon.
             The game lasted 00:04:47 (3006 turns).

MisterFreud the Conjurer (Octopode Conjurer)        Turns: 3006, Time: 00:04:48

Health: -1/31      AC:  2    Str:  7    XL:     5   Next: 27%
Magic:  2/8        EV: 13    Int: 22    God:    Yredelemnul [......]
Gold:   144        SH:  0    Dex: 10    Spells: 7/8 levels left

rFire   . . .      SeeInvis .   p - +2 dagger (speed)
rCold   . . .      Faith    .   (no shield)
rNeg    . . .      Spirit   .   q - +1 hat
rPois   .          Reflect  .   b - amulet of regeneration
rElec   .          Harm     .   (no ring)
rCorr   .          Rampage  .   (no ring)
Will    .....                   (no ring)
Stlth   ++........              (no ring)
HPRegen 0.90/turn               (no ring)
MPRegen 0.11/turn               (no ring)
                                (no ring)
                                (no ring)

@: confused
A: almost no armour, amphibious, 8 rings, camouflage 1, gelatinous body 1,
(nimble swimmer 1), tentacles
a: Renounce Religion, Recall Undead Harvest


You were on level 4 of the Dungeon.
You worshipped Yredelemnul.
Yredelemnul was noncommittal.
You visited 1 branch of the dungeon, and saw 4 of its levels.

You collected 144 gold pieces.

Inventory:

Hand Weapons
 p - a +2 dagger of speed (weapon)
Missiles
 i - 11 poisoned darts
 k - 3 boomerangs
Armour
 q - a +1 hat (worn)
Jewellery
 b - an amulet of regeneration (around mantle)
 j - a ring of willpower
Scrolls
 a - a scroll of holy word {unknown}
 c - a scroll of blinking {unknown}
 d - 3 scrolls of magic mapping {unknown}
 e - a scroll of enchant armour {unknown}
 f - a scroll of torment {unknown}
 g - 2 scrolls of identify {unknown}
 h - a scroll of enchant weapon {unknown}
Potions
 l - a potion of invisibility {unknown}
 m - a potion of curing {unknown}
 n - a potion of lignification {unknown}
 o - a potion of heal wounds {unknown}


   Skills:
 + Level 3.0 Dodging
 - Level 2.6 Stealth
 - Level 2.0 Spellcasting
 - Level 6.0 Conjurations


You had 7 spell levels left.
You knew the following spells:

 Your Spells              Type           Power      Damage    Failure   Level
a - Magic Dart            Conj           100%       1d8       1%          1

Your spell library contained the following spells:

 Spells                   Type           Power      Damage    Failure   Level
 Searing Ray              Conj           56%        2d6       1%          2
 Dazzling Flash           Conj/Hex       30%        N/A       12%         3
 Fulminant Prism          Conj/Hex       7%         3d7       36%         4
 Iskenderun's Mystic Bla  Conj/Tloc      15%        2d5       36%         4


Dungeon Overview and Level Annotations

Branches:
Dungeon (4/15)
 Temple: D:4-7

Altars:
Yredelemnul


Innate Abilities, Weirdness & Mutations

You cannot wear most types of armour.
You are amphibious.
You can wear up to eight rings at the same time.
Your skin changes colour to match your surroundings (Stealth+).
Your rubbery body absorbs attacks. (AC +1, EV +1)
((You are camouflaged when in or above water. (Stealth+)))
You have tentacles for arms and can constrict up to eight enemies at once.


Message History

Something hits you.
You hit the orc. Your squeeze misses the orc.
The orc is moderately wounded.
The orc wizard points at you and mumbles some strange words.
You are more confused.
The orc hits you with a +0 club.
You closely miss something. The orc completely misses you.
You hear some strange, mumbled words.
You are more confused.
The orc wizard hits you but does no damage.
The orc closely misses you.
You hear some strange, mumbled words.
You are more confused.
The orc closely misses you.
You hit the orc.
The orc is severely wounded.
Something barely misses you. The orc misses you.
You're too confused to move!
Something hits you. The orc completely misses you.
You bump into the rock wall.
The orc closely misses you. The orc wizard completely misses you.
Something hits you. The orc hits you but does no damage.
You hit the orc. Your squeeze misses the orc.
The orc is heavily wounded.
The orc wizard gestures wildly while chanting.
The orc wizard flickers and vanishes!
The orc barely misses you.
You closely miss the orc. Your squeeze misses the orc.
The orc is heavily wounded.
You hear some strange, mumbled words.
A magic dart appears from out of thin air!
The magic dart hits you!
* * * LOW HITPOINT WARNING * * *
The orc barely misses you. The orc hits you with a +0 club.
* * * LOW HITPOINT WARNING * * *
Something hits you.
* * * LOW HITPOINT WARNING * * *
Unknown command.
Unknown command.
You bump into the rock wall.
Something hits you.
You die...
Your body rises from the dead as a mindless zombie.

#.......##..##.#..#
#...........#..#..#
......[...##..#.##..#
############........#
##...#####........#
#....?..##.##.#####
##.....#.##.##.#
.......#.##{##.#
#.......{@^..#
#.##....oo####
#.#.#### #......#
####.### #.. #.. #..
#


You could see 2 orcs.

Vanquished Creatures
  An ogre (D:4)
  An adder (D:3)
  An adder skeleton (D:2)
  2 dart slugs (D:2)
  5 bats
  4 endoplasms
  3 giant cockroaches
  4 goblins
  7 hobgoblins
  A quokka (D:2)
  2 ball pythons (D:2)
  A frilled lizard (D:2)
  2 kobolds
  A quokka skeleton (D:4)
  6 rats
41 creatures vanquished.

Vanquished Creatures (collateral kills)
  An endoplasm (D:3)
  3 hobgoblins
4 creatures vanquished.

Vanquished Creatures (others)
  An ogre zombie (D:4)
  A bat zombie (D:1)
2 creatures vanquished.

Grand Total: 47 creatures vanquished

Notes
Turn   | Place    | Note
-------+----------+-------------------------------------------
     0 | D:1      | MisterFreud the Octopode Conjurer began the quest for the
                  | Orb.
     0 | D:1      | Reached XP level 1. HP: 11/11 MP: 3/3
    83 | D:1      | Found a faded altar of an unknown god.
    88 | D:1      | Prayed at the altar of an unknown god.
    88 | D:1      | Became a worshipper of Yredelemnul the Dark
    88 | D:1      | Reached * piety under Yredelemnul
   321 | D:1      | Reached XP level 2. HP: 17/17 MP: 5/5
   836 | D:1      | Reached ** piety under Yredelemnul
  1318 | D:2      | Reached XP level 3. HP: 21/21 MP: 2/6
  1483 | D:2      | Reached skill level 5 in Conjurations
  2440 | D:3      | Reached XP level 4. HP: 27/27 MP: 3/7
  2965 | D:4      | Noticed an ogre
  2974 | D:4      | Killed an ogre
  2975 | D:4      | Reached skill level 6 in Conjurations
  2975 | D:4      | Reached XP level 5. HP: 31/31 MP: 0/8
  3005 | D:4      | HP: 1/31 [something (2)]
  3006 | D:4      | Slain by an orc wizard

Illustrated notes

Levels and vault maps discovered:
D:1:      minmay_arrival_loop, layout_basic, ebering_ecumenical_altar_webs
D:2:      wander_river, layout_basic, serial_corexii_hall,
          corexii_hall_statues_u, chequers_hall_statues_wall_a, st_stairs_7,
          kennysheep_generic_room_6
D:3:      layout_loops_ring
D:4:      layout_loops_cross, portal_sewer_entry_f, guppyfry_shop_venom

Skill      XL: |  1  2  3  4 |
---------------+-------------+-----
Conjurations   | 5 6 |  6.0
Dodging        | 3 |  3.0
Stealth        | |  2.6
Spellcasting   | |  2.0

Action                   |  1- 3 |  4- 6 || total
-------------------------+-------+-------++-------
Melee: Unarmed           |     5 |       ||     5
       Tentacles         |     3 |       ||     3
       Constrict         |     1 |     2 ||     3
       Dagger            |       |    18 ||    18
       Punch             |       |     1 ||     1
 Cast: Magic Dart        |    60 |    16 ||    76
 Stab: Sleeping          |     1 |       ||     1
Armor: Skin              |       |     3 ||     3
Dodge: Dodged            |     7 |    11 ||    18
